 Dungeon Crawl Stone Soup version 0.26.1-11-gd32895ea62 (webtiles) character file.

Game seed: 4529463830451210862

193 Zeld the Sneak (level 5, -9/34 HPs)
             Began as an Octopode Brigand on May 16, 2021.
             Mangled by Grinder (10 damage)
             ... on level 3 of the Dungeon.
             The game lasted 00:03:32 (3654 turns).

Zeld the Sneak (Octopode Brigand)                   Turns: 3654, Time: 00:03:33

Health: -9/34      AC:  1    Str: 11    XL:     5   Next: 72%
Magic:  8/8        EV: 13    Int: 13    God:
Gold:   247        SH:  0    Dex: 14    Spells: 9/9 levels left

rFire    . . .     SeeInvis .   a - +2 dagger
rCold    . . .     Faith    .   (no shield)
rNeg     . . .     Spirit   .   (helmet restricted)
rPois    .         Reflect  .   (no amulet)
rElec    .         Harm     .   (no ring)
rCorr    .         Rampage  .   (no ring)
Will     .....                  (no ring)
Stlth    ++++......             (no ring)
HPRegen  0.11/turn              (no ring)
MPRegen  0.11/turn              (no ring)
                                (no ring)
                                (no ring)

@: no status effects
A: almost no armour, stealthy swim, amphibious, 8 rings, constrict 8, camouflage
1, gelatinous body 1
a: no special abilities


You were on level 3 of the Dungeon.
You visited 1 branch of the dungeon, and saw 3 of its levels.

You collected 247 gold pieces.

Inventory:

Hand Weapons
 a - a +2 dagger (weapon)
Missiles
 b - 8 poisoned darts (quivered)
 c - 2 curare-tipped darts
Jewellery
 h - an uncursed ring of see invisible {unknown}
 n - a cursed ring of teleportation {unknown}
Wands
 r - a wand of paralysis (12)
Scrolls
 d - a scroll of amnesia {unknown}
 e - 5 scrolls of identify {unknown}
 f - 2 scrolls of blinking {unknown}
 i - a scroll of remove curse {unknown}
 j - a scroll of fog {unknown}
 p - a scroll of noise {unknown}
Potions
 g - a potion of brilliance {unknown}
 k - a potion of mutation {unknown}
 l - a potion of lignification {unknown}
 m - a potion of attraction {unknown}
 o - a potion of might {unknown}
 q - a potion of heal wounds {unknown}


   Skills:
 - Level 2.0 Fighting
 - Level 2.0 Short Blades
 * Level 4.8 Throwing
 - Level 1.0 Dodging
 - Level 5.3 Stealth
 + Level 2.5 Spellcasting


You had 9 spell levels left.
You didn't know any spells.
Your spell library was empty.

Dungeon Overview and Level Annotations

Branches:
Dungeon (3/15)

Altars:
Cheibriados
Trog

Annotations:
D:3 Grinder


Innate Abilities, Weirdness & Mutations

You cannot wear most types of armour.
You are very stealthy in the water. (Stealth+)
You are amphibious.
You can wear up to eight rings at the same time.
You can use your tentacles to constrict eight enemies at once.
Your skin changes colour to match your surroundings (Stealth+).
Your rubbery body absorbs attacks. (AC +1, EV +1)


Message History

You constrict Grinder. Grinder gestures at you.
You resist with significant effort.
You hit Grinder. You squeeze Grinder.
Grinder is severely wounded.
You constrict Grinder. Grinder gestures at you.
You suddenly lose the ability to move!
You lose your grip on Grinder.
Grinder hits you.
You writhe in agony.
Grinder hits you.
* * * LOW HITPOINT WARNING * * *
You writhe in agony.
* * * LOW HITPOINT WARNING * * *
You can move again.
You completely miss Grinder. Your grab misses Grinder. You squeeze Grinder.
Grinder is almost dead.
You barely miss Grinder. Your grab misses Grinder.
Grinder is almost dead.
Grinder hits you!
You die...

#.###.##.#
#.....##.#
#########.#
..........#
###.###.###
....#.## ..
#..#..#####
..
#..#.....#
..
#....###@#
.. ####.#
#5# ..
#..##.#
........#
.#####..#
#..# #..#
#..# #.##


You could see Grinder.

Vanquished Creatures
  Jessica (D:3)
  3 gnolls
  6 adders
  2 oozes (D:2)
  2 worms
  2 dart slugs (D:2)
  2 leopard geckos
  9 goblins
  10 hobgoblins
  7 jackals
  A quokka (D:2)
  A ball python (D:2)
  8 bats
  2 frilled lizards
  6 kobolds
  6 rats
68 creatures vanquished.

Notes
Turn   | Place    | Note
-------+----------+-------------------------------------------
     0 | D:1      | Zeld the Octopode Brigand began the quest for the Orb.
     0 | D:1      | Reached XP level 1. HP: 14/14 MP: 1/1
   255 | D:1      | Reached XP level 2. HP: 19/19 MP: 2/2
   664 | D:1      | Reached skill level 1 in Spellcasting
   908 | D:1      | Reached XP level 3. HP: 24/24 MP: 4/4
  1202 | D:2      | Found a snail-covered altar of Cheibriados.
  1202 | D:2      | Noticed a torpor snail
  1203 | D:2      | Noticed a torpor snail
  1203 | D:2      | Noticed a torpor snail
  1276 | D:1      | Reached XP level 4. HP: 13/29 MP: 6/6
  2241 | D:2      | Reached XP level 5. HP: 25/34 MP: 8/8
  3230 | D:3      | Noticed Jessica
  3245 | D:3      | Killed Jessica
  3562 | D:3      | Found a bloodstained altar of Trog.
  3628 | D:3      | Noticed Grinder
  3650 | D:3      | Paralysed by Grinder for 2 turns
  3652 | D:3      | HP: 1/34 [Grinder (5)]
  3654 | D:3      | Mangled by Grinder

Illustrated notes

Levels and vault maps discovered:
D:1:      minmay_arrival_solitary_statue, layout_loops_ring
D:2:      layout_basic, cheibriados_altar_2, minmay_pentomino_s2
D:3:      minmay_door_path, layout_basic, evilmike_ruin_ashenzari,
          nzn_wu_jian_contemplation, serial_glass, glass_columns_a,
          glass_columns_a, feat_on_display, minivault_25, trog_book,
          uniq_crazy_yiuf_cottage, uniq_jessica, uniq_sigmund, uniq_grinder

Skill      XL: |  1  2  3  4 |
---------------+-------------+-----
Spellcasting   | 1 2 |  2.5
Throwing       | 3 4 |  4.8
Fighting       | |  2.0
Short Blades   | |  2.0
Dodging        | |  1.0
Stealth        | |  5.3

Action                   |  1- 3 |  4- 6 || total
-------------------------+-------+-------++-------
Melee: Dagger            |    66 |    77 ||   143
       Constrict         |    14 |    11 ||    25
       Tentacles         |     7 |    18 ||    25
Throw: Dart              |     1 |     1 ||     2
 Stab: Sleeping          |     9 |    16 ||    25
Armor: Skin              |       |     7 ||     7
Dodge: Dodged            |    35 |    34 ||    69
